 Dungeon Crawl Stone Soup version 0.29.1-2-gbd0b4ee654 (webtiles) character file.

Game seed: 15790041180893052531

121 hawla the Chiller (level 5, -5/39 HPs)
             Began as a Meteoran Ice Elementalist on Nov 8, 2022.
             Was an Initiate of Vehumet.
             Killed by miscasting Hailstorm (12 damage)
             ... on level 4 of the Dungeon.
             The game lasted 00:07:06 (1584 turns).

hawla the Chiller (Meteoran Ice Elementalist)       Turns: 1584, Time: 00:07:07

Health: -5/39      AC:  3    Str: 10    XL:     5   Next: 51%
Magic:  16/20      EV: 12    Int: 18    God:    Vehumet [......]
Gold:   173        SH:  0    Dex: 14    Spells: 3/11 levels left

rFire   . . .      SeeInvis .   e - +0 quarterstaff
rCold   . . .      Faith    .   (shield currently unavailable)
rNeg    . . .      Spirit   .   a - +0 robe
rPois   .          Reflect  .   (no helmet)
rElec   .          Harm     .   (no cloak)
rCorr   .          Rampage  .   i - +0 pair of gloves
Will    .....                   (no boots)
Stlth   +.........              (no amulet)
HPRegen 0.13/turn               d - ring of magical power
MPRegen 0.17/turn               (no ring)

@: very slightly contaminated, glowing
A: sense surroundings 1, otherworldly, glowing, explore regen
a: Renounce Religion


You were on level 4 of the Dungeon.
You worshipped Vehumet.
Vehumet was noncommittal.
You visited 1 branch of the dungeon, and saw 4 of its levels.

You collected 173 gold pieces.

Inventory:

Hand Weapons
 e - a +0 quarterstaff (weapon)
Armour
 a - a +0 robe (worn)
 i - a +0 pair of gloves (worn)
Jewellery
 d - a ring of magical power (left hand)
Scrolls
 c - a scroll of fear
 g - 2 scrolls of amnesia
 j - a scroll of brand weapon {unknown}
 k - a scroll of blinking {unknown}
Potions
 b - a potion of magic
 f - a potion of heal wounds


   Skills:
 - Level 0.6 Fighting
 - Level 2.6 Dodging
 - Level 1.4 Stealth
 - Level 3.6 Spellcasting
 + Level 1.5 Conjurations
 - Level 6.0 Ice Magic


You had 3 spell levels left.
You knew the following spells:

 Your Spells              Type           Power      Damage    Failure   Level
a - Freeze                Ice            96%        1d11      1%          1
b - Frozen Ramparts       Ice            48%        1d8       4%          3
c - Hailstorm             Conj/Ice       16%        3d6       32%         4

Your spell library contained the following spells:

 Spells                   Type           Power      Damage    Failure   Level
 Ozocubu's Armour         Ice            24%        N/A       4%          3
 Foxfire                  Conj/Fire      24%        2x1d5     11%         1
 Sublimation of Blood     Necr           3%         N/A       24%         2
 Conjure Flame            Conj/Fire      6%         6-21      32%         3
 Inner Flame              Hex/Fire       3%         N/A       43%         3
 Flame Wave               Conj/Fire      6%         2d5       73%         4
 Petrify                  Tmut/Erth      3%         N/A       83%         4
 Irradiate                Conj/Tmut      3%         3d12      97%         5


Dungeon Overview and Level Annotations

Branches:
Dungeon (4/15) Zot: 812
 Temple: D:4-7

Altars:
Nemelex Xobeh
Trog
Uskayaw
Vehumet


Innate Abilities, Weirdness & Mutations

You passively map a small area around you.
You are easily found by Zot.
You glow in the dark.
You regain HP and MP as you explore.


Message History

The wall freezes the iguana.
The iguana seems to slow down.
The iguana bites you.
You hit the iguana.
The iguana is almost dead.
You hit the iguana.
You kill the iguana!
Vehumet accepts your kill.
Training target 6.0 for Ice Magic reached!
Your Conjurations skill increases to level 1!
Your Ice Magic skill increases to level 6!
The frozen ramparts melt away as you move.
A centaur comes into view.
Found a stone staircase leading down.
The centaur shouts!
You hear a shout!
The centaur wields a +2 shortbow of flaming.
It bursts into flame!
The centaur shoots an arrow.
The arrow hits you! The arrow burns you.
A giant cockroach comes into view.
The centaur shoots an arrow.
The arrow hits you. The arrow burns you.
The centaur shoots an arrow.
The arrow hits you!
* * * LOW HITPOINT WARNING * * *
The arrow burns you.
* * * LOW HITPOINT WARNING * * *
You feel much better.
The centaur shoots an arrow.
The arrow barely misses you.
An orc comes into view. It is wielding a +0 short sword.
The centaur shoots an arrow.
The arrow hits you! The arrow burns you.
The centaur shoots an arrow.
The arrow hits you!
* * * LOW HITPOINT WARNING * * *
The arrow burns you.
* * * LOW HITPOINT WARNING * * *
The giant cockroach misses you.
Casting: Frozen Ramparts (dangerous; 4% risk of failure)
Confirm with . or Enter, or press ? or * to list all spells.
The spell is extremely dangerous to miscast (32% risk of failure)!
Continue anyway?
Casting: Hailstorm (extremely dangerous; 32% risk of failure)
Press: ? - help, Dir - look around, f - activate You miscast Hailstorm.
You are very lightly contaminated with residual magic.
Strange energies run through your body!
You die...

#.#.#.. ..# *#. ###.#.#.#
#.# * #.#####.#.#.#.###.#
, ..........#.#...#.# ,
,,..........#.#.###.#####
, ......................#
..........#.#.###.###.# ,
..........#.#.# #.# #.# ,
,.......@B.#.#.# #.# #.#
..........#.#.# #.# #.#
......c...#.#.# #.# #.#
.......>..#.#.# #.# #.# ,
..........#.#.# #.. #.#
..o......## #.# ###,#.#
.......... , ,#.#
.........# ,#.# , *, #.#


You could see a centaur, an orc and a giant cockroach.

Vanquished Creatures
  An iguana (D:4)
  3 adders
  3 dart slugs (D:1)
  6 orcs (D:3)
  4 bats
  9 endoplasms
  4 goblins
  A hobgoblin (D:3)
  3 kobolds
  A quokka (D:3)
  9 ball pythons
  A frilled lizard (D:3)
  4 rats
49 creatures vanquished.

Vanquished Creatures (collateral kills)
  A hobgoblin (D:2)
  A kobold (D:2)
  A quokka (D:2)
  A bat (D:2)
  A rat (D:2)
5 creatures vanquished.

Grand Total: 54 creatures vanquished

Notes
Turn   | Place    | Note
-------+----------+-------------------------------------------
     0 | D:1      | hawla the Meteoran Ice Elementalist began the quest for the
                  | Orb.
     0 | D:1      | Reached XP level 1. HP: 14/14 MP: 5/5
    56 | D:1      | Reached XP level 2. HP: 20/20 MP: 2/6
   102 | D:1      | Found a faded altar of an unknown god.
   383 | D:1      | Reached XP level 3. HP: 23/26 MP: 4/8
   387 | D:1      | Learned a level 3 spell: Frozen Ramparts
   500 | D:1      | Glimpsed the power of Zot.
   635 | D:2      | Reached skill level 5 in Ice Magic
   697 | D:2      | Reached XP level 4. HP: 33/34 MP: 10/10
   703 | D:2      | Learned a level 4 spell: Hailstorm
  1171 | D:3      | Found a bloodstained altar of Trog.
  1171 | D:3      | Found a sparkling altar of Nemelex Xobeh.
  1206 | D:3      | Found a hide-covered altar of Uskayaw.
  1215 | D:3      | Found a radiant altar of Vehumet.
  1227 | D:3      | Became a worshipper of Vehumet
  1244 | D:3      | Reached XP level 5. HP: 17/39 MP: 11/11
  1578 | D:4      | Reached skill level 1 in Conjurations
  1578 | D:4      | Reached skill level 6 in Ice Magic
  1579 | D:4      | Noticed a centaur
  1584 | D:4      | Killed by miscasting Hailstorm

Illustrated notes

Levels and vault maps discovered:
D:1:      minmay_arrival_doors, layout_basic, dreamdust_ecumenical_altar_statues
D:2:      layout_basic
D:3:      layout_rooms, chequers_temple_overflow_statue_of_worship,
          grunt_temple_overflow_open, chequers_arboretum
D:4:      layout_basic, lemuel_coloured_pillars_altar,
          mainiacjoe_overflow_catwalk, okawaru_trees_2, ebering_ghost_gozag,
          uniq_pikel, uniq_duvessa, uniq_robin

Skill      XL: |  1  2  3  4  5 |
---------------+----------------+-----
Spellcasting   | 3 |  3.6
Ice Magic      | 5 6 |  6.0
Conjurations   | 1 |  1.5
Fighting       | |  0.6
Dodging        | |  2.6
Stealth        | |  1.4

Action                   |  1- 3 |  4- 6 || total
-------------------------+-------+-------++-------
Melee: Unarmed           |    12 |       ||    12
       Quarterstaff      |     1 |    16 ||    17
 Cast: Freeze            |    24 |     6 ||    30
       Frozen Ramparts   |     6 |    11 ||    17
       Hailstorm         |       |     7 ||     7
  Use: Scroll            |     4 |     1 ||     5
       Potion            |       |     1 ||     1
Armor: Robe              |     7 |    10 ||    17
Dodge: Dodged            |    18 |    11 ||    29
